 Dungeon Crawl Stone Soup version 0.21.1-1-g345015f (webtiles) character file.

9025 nicolaieve the Severer (level 11, -2/97 HPs)
             Began as a Minotaur Berserker on July 11, 2018.
             Was a High Priest of Trog.
             Slain by a two-headed ogre
             ... wielding a +0 giant club
              (4 damage)
             ... on level 10 of the Dungeon.
             The game lasted 00:27:18 (6629 turns).

nicolaieve the Severer (Minotaur Berserker)         Turns: 6629, Time: 00:27:18

Health: -2/97      AC: 19    Str: 25    XL:     11   Next: 17%
Magic:  0/3        EV: 12    Int:  4    God:    Trog [*****.]
Gold:   555        SH:  0    Dex: 10    Spells: 10/10 levels left

rFire    . . .     SeeInvis .   G - +3 war axe (antimagic)
rCold    . . .     Gourm    .   (no shield)
rNeg     . . .     Faith    .   x - +0 plate armour
rPois    .         Spirit   +   (helmet restricted)
rElec    .         Reflect  .   (no cloak)
rCorr    .         Harm     .   u - +2 pair of gloves
MR       ++...                  o - +1 pair of boots
Stlth    ..........             C - amulet of guardian spirit
HPRegen  1.26/turn              f - +3 ring of evasion
MPRegen  0.08/turn              (no ring)

@: berserk cooldown, regenerating, slowed, very slow
A: retaliatory headbutt, horns 2
a: Berserk, Trog's Hand, Brothers in Arms, Burn Spellbooks, Renounce Religion


You were on level 10 of the Dungeon.
You worshipped Trog.
Trog was extremely pleased with you.
You were hungry.

You visited 1 branch of the dungeon, and saw 10 of its levels.
You also visited: Ossuary.

You collected 555 gold pieces.

Inventory:

Hand Weapons
 y - a +0 battleaxe
 G - a +3 antimagic war axe (weapon)
Armour
 o - a +1 pair of boots (worn)
 u - a +2 pair of gloves (worn)
 x - a +0 plate armour (worn)
Jewellery
 f - a +3 ring of evasion (left hand)
 C - an amulet of guardian spirit (around neck)
 J - an uncursed ring of resist corrosion {unknown}
Wands
 p - a wand of paralysis (36)
 s - a wand of polymorph (14)
 F - a wand of disintegration (5)
 H - a wand of digging (12)
Scrolls
 a - 6 scrolls of magic mapping {unknown}
 b - a scroll of enchant weapon {unknown}
 d - a scroll of amnesia {unknown}
 e - 14 scrolls of identify {unknown}
 g - a scroll of noise {unknown}
 h - 2 scrolls of fear {unknown}
 k - 7 scrolls of remove curse {unknown}
 m - 8 scrolls of teleportation {unknown}
 n - 4 scrolls of immolation {unknown}
 t - a scroll of enchant armour {unknown}
 E - a scroll of vulnerability {unknown}
 I - a scroll of blinking {unknown}
Potions
 i - 4 potions of cancellation {unknown}
 j - 4 potions of invisibility {unknown}
 l - 2 potions of magic {unknown}
 q - 2 potions of agility {unknown}
 r - 4 potions of might {unknown}
 v - 7 potions of curing
 w - a potion of berserk rage {unknown}
 z - a potion of lignification {unknown}
 A - 2 potions of degeneration {unknown}
 B - 3 potions of brilliance {unknown}
Comestibles
 c - 19 rations
 D - 21 chunks of flesh


   Skills:
 + Level 9.1 Fighting
 * Level 16.1 Axes
 + Level 8.8 Armour
 + Level 3.9 Dodging


You had 10 spell levels left.
You didn't know any spells.

Dungeon Overview and Level Annotations

Branches:
Dungeon (10/15)            Temple (0/1) D:6            Lair (0/6) D:8
    Orc: D:9-12

Altars:
The Shining One


Innate Abilities, Weirdness & Mutations

You reflexively headbutt those who attack you in melee.
You have a pair of horns on your head.


Message History

a dagger; a bullfrog corpse; a sky beast corpse Eat one of 22 chunks of flesh? (ye/n/q)
You eat one of the 22 chunks of flesh.
This raw flesh tastes terrible.
The tengu warrior hits you but does no damage.
Your skin crawls.
You feel resistant to hostile enchantments.
You are feeling hungry.
The two-headed ogre misses you.
The two-headed ogre hits you with a giant club!
The tengu warrior closely misses you.
You slash the two-headed ogre!
The two-headed ogre is lightly wounded.
The two-headed ogre hits you with a giant club!
The two-headed ogre hits you with a giant club!!
* * * LOW HITPOINT WARNING * * *
The tengu warrior barely misses you.
The two-headed ogre hits you with a giant club!
* * * LOW HITPOINT WARNING * * *
The two-headed ogre hits you with a giant club.
You die...

#...# #.......# #..# # #...#
#.......# #..# # #.))# #.......#
#..# # #..)# ##.......# #..# #
#..)# #........# #..# # #...#
#.'###...### #..# # #...#
#.#..###...### #..# #
####.))###.#.##|###...###..# #
.............#.)@)#.###...#..# #
######.......###)O#...###....####
#..####.#....cH# ###..)).. #..#
#.###..#Q......###.[.. #..#
#.#....#5..#... ###.. #..#
#.#.##%..###.## ### #..# #.#.
..###[#... # .# ###H.....#
...###!#..#


You could see a tengu warrior, a two-headed ogre, 2 hippogriffs, a centaur and a
crimson imp.

Vanquished Creatures
  2 two-headed ogres
  An unseen horror (D:10)
  Joseph (D:9)
  A troll (D:10)
  2 hornets (D:8)
  Grinder (D:3)
  3 hippogriffs
  A yak (D:10)
  Sigmund (D:3)
  A human (D:8)
  2 hell hounds (D:8)
  A black bear (D:9)
  4 orc warriors
  3 sky beasts
  2 phantoms
  4 ogres
  A necrophage (D:10)
  4 centaurs
  A big kobold (D:8)
  7 bullfrogs
  A water moccasin zombie (Ossuary)
  A wyvern zombie (D:7)
  2 howler monkeys (D:8)
  7 wights
  2 crimson imps
  The ghost of dscm the Digger, a weakling OpEE (D:3)
  6 bullfrog zombies
  2 centaur zombies
  A jelly (D:6)
  10 orc priests
  7 hounds
  A bullfrog skeleton (D:6)
  A centaur skeleton (D:9)
  11 orc wizards
  8 worker ants
  2 killer bee zombies
  A hound zombie (Ossuary)
  3 hound skeletons
  14 mummies (Ossuary)
  A worker ant zombie (Ossuary)
  Robin (D:2)
  11 gnolls
  A howler monkey skeleton (D:8)
  13 adders
  4 shadow imps
  3 adder zombies
  An adder skeleton (D:8)
  3 worms
  A dart slug (D:4)
  6 leopard geckos
  40 orcs
  8 bats
  5 giant cockroaches
  12 goblins
  14 hobgoblins
  10 jackals
  3 quokkas
  2 ball pythons
  4 frilled lizards
  A giant cockroach zombie (Ossuary)
  A jackal zombie (D:5)
  12 kobolds
  2 leopard gecko zombies
  A quokka zombie (D:7)
  6 rats
290 creatures vanquished.

Vanquished Creatures (others)
  2 withered plants (Ossuary)
2 creatures vanquished.

Grand Total: 292 creatures vanquished

Notes
Turn   | Place    | Note
-------+----------+-------------------------------------------
     0 | D:1      | nicolaieve the Minotaur Berserker began the quest for the Orb.
     0 | D:1      | Reached XP level 1. HP: 19/19 MP: 0/0
    51 | D:1      | Reached skill level 4 in Axes
   250 | D:1      | Reached XP level 2. HP: 24/27 MP: 1/1
   732 | D:2      | Reached XP level 3. HP: 33/33 MP: 2/2
   794 | D:2      | Noticed a centaur
   806 | D:2      | Killed a centaur
   806 | D:2      | Reached skill level 5 in Axes
   806 | D:2      | Reached XP level 4. HP: 21/41 MP: 3/3
   860 | D:2      | Reached ** piety under Trog
  1032 | D:2      | Noticed Robin
  1037 | D:2      | Reached XP level 5. HP: 46/47 MP: 4/4
  1041 | D:2      | Killed Robin
  1045 | D:2      | Reached skill level 6 in Axes
  1369 | D:3      | Noticed Grinder
  1376 | D:3      | Paralysed by Grinder for 2 turns
  1384 | D:3      | Killed Grinder
  1384 | D:3      | Reached skill level 7 in Axes
  1384 | D:3      | Reached XP level 6. HP: 42/55 MP: 5/5
  1398 | D:3      | Noticed dscm's ghost (weakling OpEE)
  1402 | D:3      | Killed dscm's ghost
  1567 | D:3      | Noticed Sigmund
  1574 | D:3      | Killed Sigmund
  1574 | D:3      | Reached skill level 5 in Fighting
  1574 | D:3      | Reached skill level 8 in Axes
  1574 | D:3      | Reached XP level 7. HP: 61/61 MP: 6/6
  1629 | D:3      | Reached *** piety under Trog
  2126 | D:4      | Reached skill level 9 in Axes
  3016 | D:5      | Entered Level 5 of the Dungeon
  3058 | D:5      | Reached XP level 8. HP: 56/69 MP: 7/7
  3064 | D:5      | Reached skill level 10 in Axes
  3135 | D:5      | Reached **** piety under Trog
  3154 | D:5      | Reached skill level 5 in Armour
  3167 | D:5      | Found a sand-covered staircase.
  3178 | Ossuary  | Entered an ossuary
  3231 | Ossuary  | Reached skill level 11 in Axes
  3419 | Ossuary  | Received a gift from Trog
  3817 | D:5      | Reached XP level 9. HP: 78/78 MP: 8/8
  4012 | D:6      | Reached skill level 12 in Axes
  4223 | D:6      | Found a staircase to the Ecumenical Temple.
  4652 | D:7      | Found a glowing golden altar of the Shining One.
  4654 | D:7      | Reached ***** piety under Trog
  4782 | D:7      | Reached skill level 13 in Axes
  4915 | D:7      | Received a gift from Trog
  5241 | D:8      | Found a staircase to the Lair.
  5246 | D:8      | Noticed a two-headed ogre
  5252 | D:8      | Reached XP level 10. HP: 75/86 MP: 7/9
  5259 | D:8      | Killed a two-headed ogre
  5259 | D:8      | Reached skill level 14 in Axes
  5275 | D:8      | Paralysed by a hornet for 2 turns
  5432 | D:8      | Received a gift from Trog
  5826 | D:9      | Noticed Joseph
  5862 | D:9      | Killed Joseph
  5862 | D:9      | Reached skill level 15 in Axes
  6345 | D:10     | Entered Level 10 of the Dungeon
  6529 | D:10     | Killed an unseen horror
  6560 | D:10     | Reached XP level 11. HP: 88/95 MP: 3/10
  6601 | D:10     | Noticed a two-headed ogre
  6614 | D:10     | Killed a two-headed ogre
  6614 | D:10     | Reached skill level 16 in Axes
  6621 | D:10     | Noticed a tengu warrior
  6624 | D:10     | Noticed a two-headed ogre
  6629 | D:10     | HP: 2/97 [two-headed ogre/giant club (13)]
  6629 | D:10     | Slain by a two-headed ogre

Skill      XL: |  1  2  3  4  5  6  7  8  9 10 11 |
---------------+----------------------------------+-----
Axes           | 4 5 7 8 9 11 13 15 16 | 16.1
Fighting       | 4 5 6 7 8 9 |  9.1
Armour         | 3 4 5 7 8 |  8.8
Dodging        | 3 |  3.9

Action                   |  1- 3 |  4- 6 |  7- 9 | 10-12 || total
-------------------------+-------+-------+-------+-------++-------
Melee: Hand axe          |    42 |    66 |   423 |    47 ||   578
       Headbutt          |     4 |    12 |    96 |    37 ||   149
       War axe           |       |       |       |   120 ||   120
Invok: Berserk           |       |     3 |     2 |     3 ||     8
       Trog's Hand       |       |       |       |     1 ||     1
  Eat: Chunk             |       |     4 |    14 |     8 ||    26
Armor: Animal skin       |     3 |       |       |       ||     3
       Ring mail         |     2 |    16 |    17 |       ||    35
       Chain mail        |       |       |     3 |       ||     3
       Plate armour      |       |       |   138 |    98 ||   236
       Skin              |       |       |     1 |       ||     1
Dodge: Dodged            |    47 |    37 |   204 |    87 ||   375
